 Dungeon Crawl Stone Soup version 0.17.1-3-g152610e (webtiles) character file.

186 kaze the Ducker (level 5, -4/39 HPs)
             Began as a Demonspawn Gladiator on Apr 5, 2016.
             Hit by a tomahawk thrown by an orc (5 damage)
             ... on level 4 of the Dungeon.
             The game lasted 00:03:55 (2718 turns).

kaze the Ducker (Demonspawn Gladiator)              Turns: 2718, Time: 00:03:55

Health: -4/39      AC:  8    Str: 16    XL:     5   Next: 38%
Magic:  5/5        EV: 12    Int:  9    God:
Gold:   144        SH:  0    Dex: 17    Spells: 0 memorised, 4 levels left

rFire  . . .     SeeInvis .     a - +0 long sword
rCold  . . .     Clarity  .     i - +0 ring mail
rNeg   + . .     SustAt   .     (no shield)
rPois  .         Gourm    .     c - +0 helmet
rElec  .         Spirit   .     (no cloak)
rCorr  .         Warding  .     (no gloves)
rMut   .         Stasis   .     (no boots)
MR     .....                    (no amulet)
Stlth  +.........               n - ring of positive energy
                                l - +3 ring of dexterity

@: heavily drained, not resistant to hostile enchantments, very unstealthy
A: claws 2, yellow scales 1, rot immunity
a: no special abilities


You were on level 4 of the Dungeon.
You were not hungry.

You visited 1 branch of the dungeon, and saw 4 of its levels.

You collected 144 gold pieces.

Inventory:

Hand Weapons
 a - a +0 long sword (weapon)
Armour
 b - a +0 leather armour
 c - a +0 helmet (worn)
 i - a +0 ring mail (worn)
Jewellery
 f - an uncursed ring of fire {unknown}
 l - a +3 ring of dexterity (left claw)
 n - a ring of positive energy (right claw)
Scrolls
 d - a scroll of teleportation {unknown}
 h - a scroll of noise {unknown}
 k - 2 scrolls of fog {unknown}
 o - 2 scrolls of remove curse {unknown}
 s - 2 scrolls of fear {unknown}
 t - 3 scrolls of identify {unknown}
 v - a scroll of recharging {unknown}
Potions
 g - 2 potions of brilliance {unknown}
 j - 2 potions of curing {unknown}
 m - a potion of magic {unknown}
 q - a potion of flight {unknown}
 r - a potion of resistance {unknown}
 u - a potion of degeneration {unknown}
Comestibles
 e - 2 bread rations
 p - a slice of pizza


   Skills:
 + Level 2.7(1.2) Fighting
 + Level 3.5(2.0) Long Blades
 + Level 2.1(0.7) Throwing
 + Level 1.6(0.2) Armour
 + Level 3.9(2.4) Dodging
 + Level 0.6(0.0) Stealth


You had 4 spell levels left.
You didn't know any spells.

Dungeon Overview and Level Annotations

Branches:
Dungeon (4/15)
 Temple: D:4-7

Altars:


Innate Abilities, Weirdness & Mutations

You have very sharp fingernails.
You are partially covered in yellow scales (AC +2).
You are immune to rotting.


Message History

You hear some strange, mumbled words.
A magic dart appears from out of thin air!
The magic dart hits you!
* * * LOW HITPOINT WARNING * * *
You are too injured to fight recklessly!
Unknown command.
You are too injured to fight recklessly!
Unknown command.
You miss something. The orc hits you.
* * * LOW HITPOINT WARNING * * *
Something barely misses you. The orc closely misses you.
You hit something but do no damage.
You hear some strange, mumbled words.
A puff of flame appears from out of thin air!
The puff of flame hits you!
* * * LOW HITPOINT WARNING * * *
Something hits you but does no damage. You partially resist.
You feel drained. The orc barely misses you.
The orc throws a tomahawk.
The tomahawk hits you.
You die...

#.#.<.### .##.......#
..........## .
...........# .#
...........# ###..#
...........# #.$..##
...........###o.....#
..........>.@.(......
...#.....<##(.)......
#......####......#
#......# #....##
######## #####


You could see an orc.

Vanquished Creatures
  An orc wizard (D:3)
  An orc priest (D:3)
  3 adders
  An ooze (D:3)
  A worm (D:2)
  3 giant geckos
  12 orcs
  6 bats
  4 giant cockroaches
  5 goblins
  10 hobgoblins
  6 jackals
  A quokka (D:2)
  A ball python (D:2)
  5 giant newts
  8 kobolds
  7 rats
75 creatures vanquished.

Notes
Turn   | Place    | Note
--------------------------------------------------------------
     0 | D:1      | kaze the Demonspawn Gladiator began the quest for the Orb.
     0 | D:1      | Reached XP level 1. HP: 16/16 MP: 1/1
   161 | D:1      | Reached skill level 3 in Dodging
   161 | D:1      | Gained mutation: You have sharp fingernails. [demonic ancestry]
   161 | D:1      | Reached XP level 2. HP: 16/22 MP: 2/2
   653 | D:1      | Gained mutation: You are immune to rotting. [demonic ancestry]
   653 | D:1      | Reached XP level 3. HP: 24/27 MP: 3/3
  1662 | D:2      | Gained mutation: You are partially covered in yellow scales (AC +2). [demonic ancestry]
  1662 | D:2      | Reached XP level 4. HP: 24/33 MP: 4/4
  1914 | D:2      | Reached skill level 1 in Armour
  2371 | D:3      | Gained mutation: You have very sharp fingernails. [demonic ancestry]
  2371 | D:3      | Reached XP level 5. HP: 39/39 MP: 5/5
  2717 | D:4      | HP: 1/39 [something/puff of flame (7)]
  2718 | D:4      | Hit by a tomahawk thrown by an orc

Action                   |  1- 3 |  4- 6 || total
-------------------------+-------+-------++-------
Melee: Long sword        |   137 |   108 ||   245
  Eat: Meat ration       |     2 |       ||     2
